 Dungeon Crawl Stone Soup version 0.27-a0-1139-g28e009f8a6 (webtiles) character file.

Game seed: 8990976092431789588

472 rgaf the Ducker (level 6, 28/28 HPs)
             Began as a Felid Berserker on May 7, 2021.
             Was a Priest of Trog.
             Quit the game on level 4 of the Dungeon.
             The game lasted 00:06:17 (4727 turns).

rgaf the Ducker (Felid Berserker)                   Turns: 4727, Time: 00:06:18

Health: 28/28      AC:  2    Str: 13    XL:     6   Next: 83%
Magic:  16/16      EV: 21    Int:  9    God:    Trog [***...]
Gold:   145        SH:  0    Dex: 17    Spells: 5/5 levels left
                                        Lives:  1   Deaths: 1

rFire    . . .     SeeInvis +     - Unarmed
rCold    . . .     Faith    .   (shield unavailable)
rNeg     . . .     Spirit   .   (armour unavailable)
rPois    .         Reflect  .   (helmet unavailable)
rElec    .         Harm     .   (cloak unavailable)
rCorr    .         Rampage  .   (gloves unavailable)
Will     .....                  (boots unavailable)
Stlth    +++.......             (no amulet)
HPRegen  0.09/turn              b - ring of magical power
MPRegen  0.15/turn              (no ring)

@: quick
A: very small, claws 1, fangs 3, see invisible, speed 1, shaggy fur 2, stealthy
paws, no weapons or thrown items, no armour, multi-lived
a: Renounce Religion, Berserk, Trog's Hand


You were on level 4 of the Dungeon.
You worshipped Trog.
Trog was most pleased with you.
You visited 1 branch of the dungeon, and saw 4 of its levels.
You also visited: Sewer.

You collected 145 gold pieces.

Inventory:

Jewellery
 b - a ring of magical power (left paw)
Wands
 f - a wand of flame (10)
 l - a wand of charming (2)
Scrolls
 e - a scroll of silence {unknown}
 h - a scroll of amnesia {unknown}
 k - a scroll of noise {unknown}
 n - a scroll of magic mapping {unknown}
Potions
 a - 3 potions of curing
 c - a potion of haste {unknown}
 g - a potion of attraction
 i - a potion of lignification {unknown}
 j - a potion of invisibility {unknown}
 m - a potion of might {unknown}
 o - a potion of berserk rage {unknown}
Miscellaneous
 d - a box of beasts


   Skills:
 - Level 3.0 Fighting
 + Level 7.1 Dodging
 + Level 6.1 Stealth
 * Level 7.0 Unarmed Combat
 + Level 0.1 Evocations


You had 5 spell levels left.
You didn't know any spells.
Your spell library was empty.

Dungeon Overview and Level Annotations

Branches:
Dungeon (4/15)              Sewer (visited)
 Temple: D:4-7

Altars:
Cheibriados
Fedhas
Qazlal
Xom

Shops:
D:1 [   D:2 [

Annotations:
D:4 1 runed translucent door, Crazy Yiuf, Duvessa


Innate Abilities, Weirdness & Mutations

You have sharp claws.
You have razor-sharp teeth.
You have supernaturally acute eyesight. (SInv)
You cover ground quickly. (Speed+)
You are covered in thick fur. (AC +2)
Your paws help you pounce on unaware monsters.
You are incapable of wielding weapons or throwing items.
You cannot wear armour.
You gain extra lives every three experience levels.


Message History

You scratch Duvessa. You bite Duvessa.
Duvessa is lightly wounded.
You feel sick. Duvessa barely misses you.
You scratch Duvessa but do no damage. Your claw misses Duvessa.
You bite Duvessa, but do no damage.
Duvessa is lightly wounded.
You feel sick.
You barely miss Duvessa. You bite Duvessa, but do no damage.
Duvessa is lightly wounded.
You feel sick.
Duvessa hits you with a +1 short sword of venom!
You are lethally poisoned!
You barely miss Duvessa.
Duvessa is lightly wounded.
You feel very sick.
You are too injured to fight recklessly!
You claw Duvessa!
Duvessa is heavily wounded.
You feel very sick. Duvessa closely misses you. Trog accepts your kill.
Trog appreciates your killing of a magic user.
Duvessa screams, "No!
How DARE you!"
Duvessa goes berserk!
You feel a bit more experienced.
You claw Duvessa!
Duvessa is severely wounded.
You feel very sick.
Duvessa hits you with a +1 short sword of venom!
* * * LOW HITPOINT WARNING * * *
Unknown command.
You claw Duvessa! You bite Duvessa, but do no damage.
Duvessa is almost dead.
* * * LOW HITPOINT WARNING * * *
You feel very sick.
Duvessa hits you with a +1 short sword of venom!!
You die...
You are more poisoned.
You are now level 6!
You rejoin the land of the living...
Are you sure you want to abandon this character and quit the game? (Confirm with "yes".)

#......#####...##..
####.(.....#...####
#..>....#...##.. ......
#.......#....... .......
#.......#....... ......
#.......#...##.. # #...#
###.......#...##..
#.####...###÷....#####...##..
...........+@....#..##...##..
..........#.....#...........
..........#.....#...........
####.....).....#'###.......
#..#######......#.......
#..#≈≈≈≈≈#......######..
#..÷≈≈.≈≈#......#...##..
#..#≈≈≈≈≈#......#.......
#..#######......#....[..


There were no monsters in sight!

Vanquished Creatures
  Menkaure (D:4)
  An ogre (D:4)
  A phantom (D:4)
  Blork the orc (D:4)
  2 bullfrogs (Sewer)
  A scorpion (D:4)
  A bullfrog zombie (D:4)
  A hound (D:3)
  A jelly (D:2)
  A centaur zombie (D:4)
  A centaur skeleton (D:4)
  Ijyb (D:3)
  11 adders
  2 adder skeletons (D:4)
  A worm (D:3)
  4 bats
  9 endoplasms
  9 giant cockroaches
  6 goblins
  2 jackals (D:2)
  5 kobolds
  5 quokkas
  14 ball pythons
  7 frilled lizards
  A jackal skeleton (D:4)
  3 rats
92 creatures vanquished.

Vanquished Creatures (collateral kills)
  Dowan (D:4)
1 creature vanquished.

Vanquished Creatures (others)
  An adder (D:4)
  3 fungi (D:3)
  2 plants (D:3)
6 creatures vanquished.

Grand Total: 99 creatures vanquished

Notes
Turn   | Place    | Note
-------+----------+-------------------------------------------
     0 | D:1      | rgaf the Felid Berserker began the quest for the Orb.
     0 | D:1      | Reached XP level 1. HP: 10/10 MP: 2/2
   329 | D:1      | Found Icimunek's Antique Armour Shop.
   432 | D:1      | Reached skill level 1 in Stealth
   713 | D:2      | Reached XP level 2. HP: 14/14 MP: 3/3
  1004 | D:2      | Reached XP level 3. HP: 17/17 MP: 4/4
  1173 | D:2      | Found a shimmering altar of Xom.
  1194 | D:2      | Found Fucalux's Antique Armour Shoppe.
  1282 | D:2      | Reached ** piety under Trog
  1834 | D:3      | Reached XP level 4. HP: 21/21 MP: 5/5
  2125 | D:3      | Reached skill level 5 in Dodging
  2400 | D:3      | Reached XP level 5. HP: 24/24 MP: 6/6
  2488 | D:3      | Noticed Ijyb
  2496 | D:3      | Killed Ijyb
  2675 | D:3      | Found a faded altar of an unknown god.
  3038 | D:3      | Found a blossoming altar of Fedhas.
  3041 | D:3      | Found a stormy altar of Qazlal.
  3324 | D:4      | Found a snail-covered altar of Cheibriados.
  3362 | D:4      | Noticed Menkaure
  3367 | D:4      | Killed Menkaure
  3368 | D:4      | Reached skill level 5 in Unarmed Combat
  3368 | D:4      | Gained mutation: You are covered in thick fur. (AC +2)
                  | [Felid growth]
  3368 | D:4      | Reached XP level 6. HP: 23/28 MP: 7/7
  3521 | D:4      | Reached skill level 5 in Stealth
  3521 | D:4      | Reached XP level 7. HP: 31/31 MP: 7/8
  3558 | D:4      | Found a runed translucent door.
  3559 | D:4      | Noticed Crazy Yiuf
  3615 | D:4      | Noticed Blork the orc
  3623 | D:4      | Killed Blork the orc
  3691 | D:4      | Found a glowing drain.
  3749 | D:4      | Reached *** piety under Trog
  3755 | Sewer    | Entered a sewer
  4706 | D:4      | Noticed Duvessa
  4706 | D:4      | Noticed Dowan
  4724 | D:4      | Killed Dowan
  4726 | D:4      | Demolished by Duvessa
  4727 | D:4      | Reached XP level 6. HP: -18/42 MP: 16/16
  4727 | D:4      | Quit the game

Illustrated notes

Levels and vault maps discovered:
D:1:      wander_arrival_lonely_grave, layout_loops_ring, serial_shops, shop,
          hex_medium
D:2:      layout_basic, serial_shops, shop, basic_altar, st_stairs_7,
          grunt_ministairs_12
D:3:      layout_basic, grunt_temple_overflow_forces_of_nature,
          shapermc_ecumenical_altar_flowoftime, serial_curves, eino_curves_04,
          eino_curves_02, minmay_snake_closets, uniq_ijyb
D:4:      layout_gridville, nicolae_sif_muna_little_library,
          cheibriados_altar_1, gup_sewer_entry_glass, uniq_duvessa,
          uniq_menkaure, uniq_crazy_yiuf_cottage, uniq_blork_the_orc

Skill      XL: |  1  2  3  4  5  6  7 |
---------------+----------------------+-----
Stealth        | 1 2 3 4 5 6 |  6.1
Unarmed Combat | 4 5 6 7 |  7.0
Dodging        | 5 6 7 |  7.1
Fighting       | |  3.0
Evocations     | |  0.1

Action                   |  1- 3 |  4- 6 |  7- 9 || total
-------------------------+-------+-------+-------++-------
Melee: Unarmed           |    59 |    59 |    99 ||   217
       Bite              |     7 |     6 |    14 ||    27
       Punch             |       |     1 |     1 ||     2
Invok: Berserk           |     2 |     7 |     4 ||    13
Evoke: Wand              |       |       |     3 ||     3
  Use: Scroll            |       |       |     4 ||     4
       Potion            |       |       |     1 ||     1
 Stab: Sleeping          |     2 |    17 |     3 ||    22
Armor: Skin              |     1 |     4 |     1 ||     6
Dodge: Dodged            |    42 |    28 |    86 ||   156

Table legend: (Time is in decaauts)
 A = Elapsed time spent in this place.
 B = Non-inter-level travel time spent in this place.
 C = Inter-level travel time spent in this place.
 D = Time resting spent in this place.
 E = Time spent auto-exploring this place.
 F = Levels seen in this place.
 G = Mean time per level.
                   A        B        C        D        E       F      G
               +--------+--------+--------+--------+--------+-----+--------+
         Total |   4304 |   4246 |     58 |   1151 |   2120 |   5 |  860.8 |
       Dungeon |   3506 |   3448 |     58 |    839 |   1853 |   4 |  876.5 |
         Sewer |    797 |    797 |      0 |    312 |    266 |   1 |  797.0 |
               +--------+--------+--------+--------+--------+-----+--------+

Top non-repeatable levels by time:
     D:3: 1328 daAuts
     D:2: 1017 daAuts
   Sewer: 797 daAuts
     D:4: 582 daAuts
     D:1: 578 daAuts
